TOP OF THE 1ST |
Jackson Generals batting - Pitching for Pensacola Blue Wahoos : LHP Paul Dudley
|
Pitching: LHP Paul Dudley
|
|
Batting: RHB Charlie Smith
|
0-0: Ball 1-0: Ground out 4-3 (Groundball, 4, EV 83.8 MPH)
|
Batting: RHB Ian Miller
|
0-0: Ground out 3-1 (Groundball, 34S, EV 68.1 MPH)
|
Batting: RHB Victor Jimenez
|
0-0: Called Strike 0-1: Called Strike 0-2: Foul Ball, location: 23F 0-2: Ground out 6-3 (Groundball, 6M, EV 82.5 MPH)
|
Top of the 1st over - 0 runs, 0 hits, 0 errors, 0 left on base; Jackson 0 - Pensacola 0 |
BOTTOM OF THE 1ST |
Pensacola Blue Wahoos batting - Pitching for Jackson Generals : RHP Joe Greeno
|
Pitching: RHP Joe Greeno
|
|
Batting: RHB Jake Powell
|
0-0: Fly out, F8 (Line Drive, 8RM, EV 85.6 MPH)
|
Batting: RHB Pete Martens
|
0-0: Foul Ball, location: 5FF 0-1: Ball 1-1: SINGLE (Flyball, 9S, EV 95.0 MPH)
|
Batting: RHB Nick Gillett
|
0-0: Called Strike 0-1: Ball Pete Martens steals 2nd base 1-1: Foul Ball, location: 2F 1-2: Ball 2-2: Fly out, F9 (Line Drive, 9D, EV 96.3 MPH)
|
Batting: LHB Mike Burleson
|
0-0: Swinging Strike 0-1: Foul Ball, location: 7LMF 0-2: Foul Ball, location: 3SF 0-2: Ball 1-2: Strikes out swinging, 2-3 out at first.
|
Bottom of the 1st over - 0 runs, 1 hit, 0 errors, 1 left on base; Jackson 0 - Pensacola 0 |
TOP OF THE 2ND |
Jackson Generals batting - Pitching for Pensacola Blue Wahoos : LHP Paul Dudley
|
Batting: RHB Ben Garves
|
0-0: Called Strike 0-1: Called Strike 0-2: Fly out, F6 (Popup, 4M, EV 57.5 MPH)
|
Batting: RHB Clark Strauss
|
0-0: Swinging Strike 0-1: SINGLE (Groundball, 6MS, EV 61.9 MPH) (infield hit)
|
Batting: RHB Jack Morris
|
0-0: Ball 1-0: Foul Ball, location: 2F 1-1: Ball 2-1: Fly out, F8 (Line Drive, 8LS, EV 100.6 MPH)
|
Batting: RHB Kyle Brown
|
0-0: Foul Ball, location: 3SF 0-1: Fly out, F9 (Flyball, 89D, EV 96.9 MPH)
|
Top of the 2nd over - 0 runs, 1 hit, 0 errors, 1 left on base; Jackson 0 - Pensacola 0 |
BOTTOM OF THE 2ND |
Pensacola Blue Wahoos batting - Pitching for Jackson Generals : RHP Joe Greeno
|
Batting: SHB Basilio Santana
|
0-0: Ball 1-0: DOUBLE (Flyball, 8RXD, EV 100.6 MPH)
|
Batting: RHB Leo Rodriguez
|
0-0: Called Strike 0-1: Ball 1-1: SINGLE (Line Drive, 9S, EV 103.1 MPH) Basilio Santana to third
|
Batting: SHB Sean Simple
|
0-0: Ball 1-0: Ball 2-0: Ball 3-0: Base on Balls Leo Rodriguez to second
|
Batting: SHB Blaine Rivera
|
0-0: Ball 1-0: DOUBLE (Flyball, 8LXD, EV 100.0 MPH) Basilio Santana scores Leo Rodriguez scores Sean Simple to third
|
Batting: RHB Danny Diaz
|
0-0: Ball 1-0: Called Strike 1-1: Foul Ball, location: 23FF 1-2: Foul Ball, location: 2F 1-2: Foul Ball, location: 5F 1-2: Strikes out swinging
|
Batting: RHB Jake Powell
|
0-0: Ball 1-0: Foul Ball, location: 9LSF 1-1: Foul Ball, location: 9LDF 1-2: Ball 2-2: Foul Ball, location: 9LSF 2-2: Ball 3-2: Ground out U3 (Groundball, 3, EV 106.9 MPH)
|
Batting: RHB Pete Martens
|
0-0: Ground out 5-3 (Groundball, 56S, EV 71.3 MPH)
|
Bottom of the 2nd over - 2 runs, 3 hits, 0 errors, 2 left on base; Jackson 0 - Pensacola 2 |
TOP OF THE 3RD |
Jackson Generals batting - Pitching for Pensacola Blue Wahoos : LHP Paul Dudley
|
Batting: RHB Felipe Miranda
|
0-0: Ball 1-0: Foul Ball, location: 2F 1-1: Ball 2-1: Swinging Strike 2-2: Ball 3-2: Strikes out swinging
|
Batting: RHB Justin Portillo
|
0-0: Ball 1-0: Fly out, F5 (Popup, 5DF, EV 58.1 MPH)
|
Batting: RHB Charlie Smith
|
0-0: Ball 1-0: Called Strike 1-1: Swinging Strike 1-2: Strikes out looking
|
Top of the 3rd over - 0 runs, 0 hits, 0 errors, 0 left on base; Jackson 0 - Pensacola 2 |
BOTTOM OF THE 3RD |
Pensacola Blue Wahoos batting - Pitching for Jackson Generals : RHP Joe Greeno
|
Batting: RHB Nick Gillett
|
0-0: Ball 1-0: Swinging Strike 1-1: Foul Ball, location: 9LDF 1-2: Ball 2-2: Ball 3-2: SINGLE (Line Drive, 34D, EV 96.9 MPH)
|
Batting: LHB Mike Burleson
|
0-0: Called Strike 0-1: Ball 1-1: Foul Ball, location: 2F 1-2: Ball 2-2: SINGLE (Line Drive, 7LS, EV 100.6 MPH) Nick Gillett to second
|
Batting: SHB Basilio Santana
|
0-0: Ball 1-0: DOUBLE (Line Drive, 9LM, EV 110.6 MPH) Nick Gillett scores Mike Burleson to third
|
Batting: RHB Leo Rodriguez
|
0-0: Called Strike 0-1: Ball 1-1: Ball 2-1: Called Strike 2-2: Ground out 1-3 (Groundball, 13S, EV 70.0 MPH)
|
Batting: SHB Sean Simple
|
0-0: Foul Ball, location: 2LF 0-1: Called Strike 0-2: Foul Ball, location: 7LDF 0-2: Ball 1-2: Foul Ball, location: 3FF 1-2: Foul Ball, location: 9LMFF 1-2: TRIPLE (Line Drive, 89XD, EV 102.5 MPH) Mike Burleson scores Basilio Santana scores
|
Pitching: RHP Alex Gutierrez
|
|
Batting: SHB Blaine Rivera
|
0-0: Foul Ball, location: 2F 0-1: DOUBLE (Flyball, 78D, EV 105.0 MPH) Sean Simple scores
|
Batting: RHB Danny Diaz
|
0-0: Ball 1-0: DOUBLE (Line Drive, 9LM, EV 107.5 MPH) Blaine Rivera scores
|
Batting: RHB Jake Powell
|
0-0: Called Strike 0-1: Foul Ball, location: 7LDF 0-2: DOUBLE (Line Drive, 9LS, EV 95.0 MPH) Danny Diaz scores
|
Batting: RHB Pete Martens
|
0-0: Called Strike 0-1: Ball 1-1: Ball 2-1: Ball 3-1: Foul Ball, location: 2RF 3-2: Strikes out looking
|
Batting: RHB Nick Gillett
|
0-0: Foul Ball, location: 2F 0-1: Ball 1-1: SINGLE (Flyball, 89S, EV 93.1 MPH) Jake Powell to third
|
Batting: LHB Mike Burleson
|
0-0: Ball Balk! Jake Powell scores Nick Gillett to second 1-0: Foul Ball, location: 2F 1-1: Foul Ball, location: 7LDF 1-2: Strikes out swinging
|
Bottom of the 3rd over - 7 runs, 8 hits, 0 errors, 1 left on base; Jackson 0 - Pensacola 9 |
TOP OF THE 4TH |
Jackson Generals batting - Pitching for Pensacola Blue Wahoos : LHP Paul Dudley
|
Batting: RHB Ian Miller
|
0-0: Ball 1-0: Ball 2-0: Called Strike 2-1: Fly out, F8 (Flyball, 8LD, EV 101.9 MPH)
|
Batting: RHB Victor Jimenez
|
0-0: Ball 1-0: Called Strike 1-1: Ball 2-1: Ball 3-1: Base on Balls
|
Batting: RHB Ben Garves
|
0-0: Called Strike Victor Jimenez is caught stealing 2nd base 2-4 0-1: Called Strike 0-2: Ball 1-2: Ball 2-2: Strikes out swinging
|
Top of the 4th over - 0 runs, 0 hits, 0 errors, 0 left on base; Jackson 0 - Pensacola 9 |
BOTTOM OF THE 4TH |
Pensacola Blue Wahoos batting - Pitching for Jackson Generals : RHP Alex Gutierrez
|
Batting: SHB Basilio Santana
|
0-0: Ball 1-0: Foul Ball, location: 7LDF 1-1: Fly out, F8 (Flyball, 8LD, EV 93.8 MPH)
|
Batting: RHB Leo Rodriguez
|
0-0: Ball 1-0: Called Strike 1-1: Ball 2-1: Swinging Strike 2-2: Ground out 5-3 (Groundball, 56S, EV 68.8 MPH)
|
Batting: SHB Sean Simple
|
0-0: Ball 1-0: Called Strike 1-1: Ball 2-1: DOUBLE (Line Drive, 89M, EV 89.4 MPH)
|
Batting: SHB Blaine Rivera
|
0-0: Called Strike 0-1: Called Strike 0-2: Fly out, F9 (Line Drive, 9, EV 101.9 MPH)
|
Bottom of the 4th over - 0 runs, 1 hit, 0 errors, 1 left on base; Jackson 0 - Pensacola 9 |
TOP OF THE 5TH |
Jackson Generals batting - Pitching for Pensacola Blue Wahoos : LHP Paul Dudley
|
Batting: RHB Clark Strauss
|
0-0: Ball 1-0: Ball 2-0: Ball 3-0: Base on Balls
|
Batting: RHB Jack Morris
|
0-0: SINGLE (Groundball, 34D, EV 96.9 MPH) Clark Strauss to second Clark Strauss to third
|
Batting: RHB Kyle Brown
|
0-0: Foul Ball, location: 9LSF 0-1: Ball 1-1: Ball 2-1: Ball 3-1: Called Strike 3-2: Fielders Choice at 2nd, 6-4 (Groundball, 6, EV 88.1 MPH)
|
Batting: RHB Felipe Miranda
|
0-0: Ball 1-0: Foul Ball, location: 9LSF 1-1: Ball 2-1: Ball 3-1: Base on Balls Kyle Brown to second
|
Batting: RHB Justin Portillo
|
0-0: Ball 1-0: Ball 2-0: Ball 3-0: Called Strike 3-1: Grounds into fielders choice 6-2 (Groundball, 6, EV 96.9 MPH) Kyle Brown to third Felipe Miranda to second
|
Batting: RHB Charlie Smith
|
0-0: Called Strike 0-1: Ball 1-1: Foul Ball, location: 2F 1-2: Ground out 6-3 (Groundball, P, EV 90.6 MPH)
|
Top of the 5th over - 0 runs, 1 hit, 0 errors, 3 left on base; Jackson 0 - Pensacola 9 |
BOTTOM OF THE 5TH |
Pensacola Blue Wahoos batting - Pitching for Jackson Generals : RHP Alex Gutierrez
|
Batting: RHB Danny Diaz
|
0-0: Ball 1-0: SINGLE (Line Drive, 8RS, EV 100.0 MPH)
|
Batting: RHB Jake Powell
|
0-0: Ball 1-0: Ball 2-0: Foul Ball, location: 2F 2-1: Fly out, F9 (Flyball, 89D, EV 90.0 MPH)
|
Batting: RHB Pete Martens
|
0-0: Ball 1-0: Fly out, F9 (Line Drive, 9S, EV 100.0 MPH)
|
Batting: RHB Nick Gillett
|
0-0: Called Strike 0-1: Ball 1-1: Ground out 4-3 (Groundball, 4, EV 84.4 MPH)
|
Bottom of the 5th over - 0 runs, 1 hit, 0 errors, 1 left on base; Jackson 0 - Pensacola 9 |
TOP OF THE 6TH |
Jackson Generals batting - Pitching for Pensacola Blue Wahoos : LHP Paul Dudley
|
Batting: RHB Ian Miller
|
0-0: Called Strike 0-1: Ground out 4-3 (Groundball, 4, EV 78.8 MPH)
|
Batting: RHB Victor Jimenez
|
0-0: Called Strike 0-1: Swinging Strike 0-2: Ball 1-2: Foul Ball, location: 23F 1-2: Strikes out swinging, 2-3 out at first.
|
Batting: RHB Ben Garves
|
0-0: Ball 1-0: Swinging Strike 1-1: Ground out 6-3 (Groundball, 6M, EV 83.1 MPH)
|
Top of the 6th over - 0 runs, 0 hits, 0 errors, 0 left on base; Jackson 0 - Pensacola 9 |
BOTTOM OF THE 6TH |
Pensacola Blue Wahoos batting - Pitching for Jackson Generals : RHP Alex Gutierrez
|
Batting: LHB Mike Burleson
|
0-0: Ball 1-0: Foul Ball, location: 23F 1-1: Ball 2-1: Ground out 6-3 (Groundball, 6S, EV 91.3 MPH)
|
Batting: SHB Basilio Santana
|
0-0: Ball 1-0: Swinging Strike 1-1: Ball 2-1: Ball 3-1: Foul Ball, location: 7LMF 3-2: Strikes out swinging, 2-3 out at first.
|
Batting: RHB Leo Rodriguez
|
0-0: Ball 1-0: Ground out 5-3 (Groundball, 56, EV 102.5 MPH)
|
Bottom of the 6th over - 0 runs, 0 hits, 0 errors, 0 left on base; Jackson 0 - Pensacola 9 |
TOP OF THE 7TH |
Jackson Generals batting - Pitching for Pensacola Blue Wahoos : LHP Paul Dudley
|
Batting: RHB Clark Strauss
|
0-0: Ball 1-0: Foul Ball, location: 2F 1-1: Ground out 6-3 (Groundball, 6, EV 88.1 MPH)
|
Batting: RHB Jack Morris
|
0-0: Called Strike 0-1: Ball 1-1: Ball 2-1: Called Strike 2-2: Strikes out looking
|
Batting: RHB Kyle Brown
|
0-0: Foul Ball, location: 2F 0-1: Swinging Strike 0-2: SOLO HOME RUN (Line Drive, 9D, EV 98.1 MPH), Distance : 371 ft
|
Batting: RHB Felipe Miranda
|
0-0: Ball 1-0: Ball 2-0: Fly out, F9 (Flyball, 89S, EV 88.1 MPH)
|
Top of the 7th over - 1 run, 1 hit, 0 errors, 0 left on base; Jackson 1 - Pensacola 9 |
BOTTOM OF THE 7TH |
Pensacola Blue Wahoos batting - Pitching for Jackson Generals : RHP Alex Gutierrez
|
Batting: SHB Sean Simple
|
0-0: Foul Ball, location: 25FF 0-1: Ball 1-1: Foul Ball, location: 3SF 1-2: Ground out 4-3 (Groundball, 4, EV 97.5 MPH)
|
Pinch Hitting: RHB Tim Allyn
|
0-0: Ball 1-0: Ball 2-0: Ball 3-0: Base on Balls
|
Batting: RHB Danny Diaz
|
0-0: Ball 1-0: Ball 2-0: Ball 3-0: Called Strike 3-1: Grounds into double play, 3-6-3 (Groundball, 3S, EV 88.1 MPH)
|
Bottom of the 7th over - 0 runs, 0 hits, 0 errors, 0 left on base; Jackson 1 - Pensacola 9 |
TOP OF THE 8TH |
Jackson Generals batting - Pitching for Pensacola Blue Wahoos : LHP Paul Dudley
|
Now at 2B: Tim Allyn
|
|
Batting: RHB Justin Portillo
|
0-0: Ball 1-0: Foul Ball, location: 23F 1-1: SINGLE (Line Drive, 8RS, EV 105.0 MPH)
|
Batting: RHB Charlie Smith
|
0-0: Called Strike 0-1: Ball 1-1: Ball 2-1: Swinging Strike 2-2: Fielders Choice at 2nd, 3-6 (Groundball, 34, EV 90.0 MPH)
|
Batting: RHB Ian Miller
|
0-0: Ball 1-0: Ball 2-0: Ball 3-0: Called Strike 3-1: Fly out, F7 (Line Drive, 7S, EV 108.1 MPH)
|
Batting: RHB Victor Jimenez
|
0-0: Called Strike 0-1: Swinging Strike 0-2: Strikes out looking
|
Top of the 8th over - 0 runs, 1 hit, 0 errors, 1 left on base; Jackson 1 - Pensacola 9 |
BOTTOM OF THE 8TH |
Pensacola Blue Wahoos batting - Pitching for Jackson Generals : RHP Alex Gutierrez
|
Batting: RHB Jake Powell
|
0-0: Ball 1-0: Ball 2-0: Ball 3-0: Base on Balls
|
Pitching: RHP Alan Ziemer
|
|
Batting: RHB Pete Martens
|
0-0: Fly out, F7 (Flyball, 78S, EV 95.0 MPH)
|
Batting: RHB Nick Gillett
|
0-0: Swinging Strike 0-1: Foul Ball, location: 3SF 0-2: Strikes out swinging
|
Batting: LHB Mike Burleson
|
0-0: Ball 1-0: Called Strike 1-1: Ground out 4-3 (Groundball, 4, EV 106.9 MPH)
|
Bottom of the 8th over - 0 runs, 0 hits, 0 errors, 1 left on base; Jackson 1 - Pensacola 9 |
TOP OF THE 9TH |
Jackson Generals batting - Pitching for Pensacola Blue Wahoos : LHP Paul Dudley
|
Pitching: RHP Kyle Cutberth
|
|
Batting: RHB Ben Garves
|
0-0: Called Strike 0-1: Foul Ball, location: 2F 0-2: Strikes out swinging
|
Batting: RHB Clark Strauss
|
0-0: Called Strike 0-1: Ball 1-1: Swinging Strike 1-2: Foul Ball, location: 3F 1-2: Ball 2-2: Foul Ball, location: 2F 2-2: TRIPLE (Flyball, 78XD, EV 91.3 MPH)
|
Batting: RHB Jack Morris
|
0-0: Ground out 5-3 (Groundball, 56, EV 92.5 MPH)
|
Batting: RHB Kyle Brown
|
0-0: Ball 1-0: Ball 2-0: Called Strike 2-1: Swinging Strike 2-2: Strikes out swinging
|
Top of the 9th over - 0 runs, 1 hit, 0 errors, 1 left on base; Jackson 1 - Pensacola 9 |
|